AoeStats
← SNOWMAN

Arena

510596059Analyzed
3v3 RM · 10h ago on Oct 1, 2026· 50m 57s· 6 players
Game mode
Random Map
Map size
Normal (6 player)
Population
200
Speed
Normal
Resources
Standard
Victory
Conquest
Starting age
Dark Age
Ending age
Imperial Age
RankedLock teamsTeams togetherTeam positionsShared explorationLock speedFull tech treeHidden civsTurbo modeCheats
Victory
Defeat
🇬🇧 Hindustanis · United Kingdom
1298
+15
🇮🇹 Britons · Italy
1286
+15
🇮🇹 Georgians · Italy
1276
+16
🇧🇷 Koreans · Brazil
1310
-17
🇧🇷 Maya · Brazil
1263
-15
🇧🇷 Celts · Brazil
1243
-14
Tesla_G
10:25 Feudal Age
15:01 Castle Age
13:14 Double-Bit Axe
13:19 Horse Collar
17:24 Bow Saw
22:33 Heavy Plow
23:25 Gold Mining
24:14 Wheelbarrow
24:04 Loom
26:41 Hand Cart
29:35 Imperial Age
28:20 Ballistics
28:11 Masonry
29:51 Gold Shaft Mining
29:58 Scale Mail Armor
29:42 Heavy Scorpion
31:25 Chemistry
31:46 Conscription
31:47 Forging
32:13 Pikeman
33:30 Chain Mail Armor
32:58 Capped Ram
33:14 Halberdier
34:29 Fortified Wall
37:38 Plate Mail Armor
37:49 Iron Casting
41:19 Siege Engineers
42:19 Siege Ram
45:50 Arson
47:07 Blast Furnace
TIRA-ONDA
11:28 Feudal Age
12:20 Double-Bit Axe
12:26 Horse Collar
12:35 Horse Collar
15:11 Castle Age
13:17 Horse Collar
16:09 Bow Saw
16:21 Heavy Plow
17:50 Loom
20:24 Town Watch
21:22 Wheelbarrow
21:09 Town Watch
23:53 Gold Mining
23:53 Stone Mining
24:47 Hand Cart
30:17 Imperial Age
28:32 Pikeman
29:12 Squires
29:43 Treadmill Crane
30:24 Scale Mail Armor
30:34 Forging
31:59 Chemistry
30:23 Elite Fire Lancer
31:40 Caravan
31:50 Guilds
31:43 Caravan
33:18 Two-Man Saw
32:53 Gold Shaft Mining
32:45 Chain Mail Armor
33:05 Iron Casting
32:52 Elite Skirmisher
33:23 Fletching
34:14 Iron Casting
34:10 Plate Mail Armor
33:53 Thumb Ring
34:02 Siege Engineers
34:34 Bodkin Arrow
35:14 Arson
35:32 Bracer
35:45 Halberdier
37:32 Ballistics
37:22 Masonry
37:58 Coinage
38:14 Scale Barding Armor
38:28 Eupseong
38:49 Conscription
39:45 Chain Barding Armor
43:20 Banking
44:46 Architecture
47:54 Murder Holes
47:46 Arrowslits
Filho da Viuva
0:26 Loom
11:55 Feudal Age
15:48 Castle Age
13:42 Stone Mining
14:02 Horse Collar
14:26 Double-Bit Axe
16:47 Wheelbarrow
17:13 Heavy Plow
26:12 Fletching
26:23 Padded Archer Armor
29:48 Imperial Age
28:12 Gold Mining
28:23 Bodkin Arrow
30:29 Elite Plumed Archer
32:20 Ballistics
33:09 Conscription
35:02 Chemistry
34:15 Onager
35:39 Squires
35:33 Eagle Warrior
36:36 Leather Archer Armor
36:31 Thumb Ring
36:47 Man-at-Arms
38:07 Elite Eagle Warrior
39:28 Bracer
40:37 Stone Shaft Mining
40:28 Hand Cart
39:39 Crossbowman
42:11 Arbalester
Wkd Br0
10:54 Feudal Age
14:34 Castle Age
13:32 Double-Bit Axe
13:30 Horse Collar
15:57 Bow Saw
18:04 Loom
22:57 Wheelbarrow
22:07 Town Watch
23:16 Heavy Plow
24:15 Hand Cart
24:37 Scale Barding Armor
24:44 Forging
25:00 Stone Mining
25:01 Gold Mining
30:37 Imperial Age
28:43 Chain Barding Armor
28:59 Iron Casting
29:14 Bloodlines
29:05 Husbandry
30:48 Heavy Camel Rider
32:08 Plate Barding Armor
32:34 Blast Furnace
32:45 Imperial Camel Rider
34:15 Scale Mail Armor
36:41 Conscription
36:33 Fletching
39:15 Chemistry
38:35 Ballistics
38:21 Siege Engineers
40:19 Light Cavalry
41:26 Hussar
50:13 Grand Trunk Road
50:17 Caravan
50:07 Elite Ghulam
51:06 Chain Mail Armor
50:47 Bodkin Arrow
SNOWMAN
11:34 Feudal Age
12:32 Double-Bit Axe
15:21 Castle Age
14:10 Horse Collar
16:16 Bow Saw
18:47 Light Cavalry
20:21 Loom
23:12 Wheelbarrow
22:30 Stone Mining
23:19 Town Watch
26:29 Scale Barding Armor
28:44 Hand Cart
28:29 Town Patrol
31:32 Imperial Age
29:22 Fletching
29:32 Padded Archer Armor
30:25 Bodkin Arrow
31:28 Leather Archer Armor
32:02 Ballistics
33:31 Bracer
34:02 Warwolf
34:24 Yeomen
35:24 Ring Archer Armor
34:50 Elite Longbowman
36:07 Conscription
37:27 Chemistry
37:04 Masonry
38:08 Chain Barding Armor
37:59 Forging
39:39 Conscription
40:28 Plate Barding Armor
42:43 Iron Casting
45:47 Hoardings
46:06 Husbandry
47:08 Blast Furnace
49:52 Scale Mail Armor
bindella
8:11 Loom
10:04 Feudal Age
17:04 Castle Age
14:57 Horse Collar
15:04 Double-Bit Axe
18:09 Bow Saw
23:05 Fletching
23:15 Padded Archer Armor
23:25 Gold Mining
24:32 Wheelbarrow
24:45 Leather Archer Armor
26:31 Bodkin Arrow
26:59 Ballistics
26:39 Elite Skirmisher
27:35 Treadmill Crane
28:45 Hand Cart
32:35 Imperial Age
30:23 Heavy Plow
30:49 Scale Barding Armor
30:55 Forging
31:17 Bloodlines
31:08 Husbandry
31:52 Stone Mining
33:03 Chain Barding Armor
33:19 Iron Casting
33:23 Bracer
33:21 Guard Tower
33:09 Cavalier
34:48 Plate Barding Armor
35:47 Blast Furnace
35:13 Aznauri Cavalry
35:17 Svan Towers
35:28 Town Watch
36:48 Stone Shaft Mining
37:28 Chemistry
36:25 Murder Holes
37:11 Keep
37:37 Chemistry
37:02 Scale Mail Armor
37:50 Siege Engineers
37:41 Arrowslits
40:16 Masonry
40:51 Squires
40:37 Arson
40:37 Gambesons
40:13 Man-at-Arms
42:05 Conscription
42:03 Long Swordsman
42:47 Two-Handed Swordsman
43:46 Chain Mail Armor
44:36 Hoardings
43:37 Light Cavalry
43:42 Champion
44:59 Plate Mail Armor
44:29 Hussar
48:31 Architecture
Connection lost

Rejoining the realm…

Still unreachable

The connection could not be restored.

Session expired

The server has moved on; the page needs a fresh start.